 Dungeon Crawl Stone Soup version 0.30.1-11-g7821555f0a (webtiles) character file.

Game seed: 3514595685655363425

3567 Djon the Severer (level 9, -2/73 HPs)
             Began as a Minotaur Berserker on Jan 11, 2024.
             Was an Elder of Trog.
             Slain by a hornet (7 damage)
             ... while paralysed by a hornet
             ... on level 8 of the Dungeon.
             The game lasted 00:08:19 (6632 turns).

Djon the Severer (Minotaur Berserker)               Turns: 6632, Time: 00:08:21

Health: -2/73      AC:  2    Str: 29    XL:     9   Next: 84%
Magic:  8/8        EV:  2    Int:  4    God:    Trog [****..]
Gold:   216        SH:  0    Dex: 13    Spells: 8/8 levels left

rFire   + . .        a - +0 hand axe
rCold   . . .        j - +3 kite shield
rNeg    . . .        B - +0 ring mail {rF+}
rPois   .            y - +2 hat
rElec   .            l - +0 cloak
rCorr   .            (no gloves)
SInv    .            D - +0 pair of boots
Will    .....        (no amulet)
Stlth   +            k - +6 ring of strength
HPRegen 0.32/turn    (no ring)
MPRegen 0.11/turn

%: no passive effects
@: paralysed, lethally poisoned (-2 -> -22), corroded, slowed
A: horns 2, retaliatory headbutt
a: Renounce Religion, Berserk, Trog's Hand, Brothers in Arms


You were on level 8 of the Dungeon.
You worshipped Trog.
Trog was greatly pleased with you.
You visited 1 branch of the dungeon, and saw 8 of its levels.
You also visited: Ossuary.

You collected 306 gold pieces.
You spent 90 gold pieces at shops.

Inventory:

Hand Weapons
 a - a +0 hand axe (weapon)
Armour
 j - a +3 kite shield (worn)
 l - a +0 cloak (worn)
 y - a +2 hat (worn)
 B - a +0 ring mail of fire resistance (worn)
 D - a +0 pair of boots (worn)
Jewellery
 k - a +6 ring of strength (left hand)
 H - an amulet of magic regeneration
Wands
 s - a wand of flame (44)
 F - a wand of acid (8)
 G - a wand of mindburst (18)
Scrolls
 c - 2 scrolls of vulnerability
 d - 3 scrolls of enchant armour
 e - a scroll of brand weapon
 m - 4 scrolls of teleportation
 p - 2 scrolls of identify
 t - 2 scrolls of immolation
 u - a scroll of torment
 A - a scroll of enchant weapon
 C - a scroll of acquirement {unknown}
Potions
 b - a potion of flight {unknown}
 f - 2 potions of curing
 g - 4 potions of invisibility
 h - a potion of might
 i - a potion of magic
 n - 5 potions of brilliance {unknown}
 o - 3 potions of haste {unknown}
 q - 3 potions of attraction {unknown}
 r - 2 potions of lignification {unknown}
 v - a potion of ambrosia
 w - 2 potions of mutation
 x - a potion of resistance
 z - a potion of heal wounds {unknown}
 E - a potion of degeneration {unknown}
 I - a potion of cancellation {unknown}


   Skills:
 + Level 4.8 Fighting
 - Level 16.0 Axes
 + Level 3.9 Armour
 + Level 3.5 Dodging


You had 8 spell levels left.
You didn't know any spells.
Your spell library was empty.

Dungeon Overview and Level Annotations

Branches:
Dungeon (8/15)             Temple (0/1) D:6         Ossuary (visited)
   Lair: D:8-11

Altars:
Cheibriados
Elyvilon
Fedhas
Gozag
Hepliaklqana
Makhleb
Nemelex Xobeh
Sif Muna
Wu Jian
Xom
Zin

Annotations:
D:8 2 runed translucent doors


Innate Abilities, Weirdness & Mutations

You have a pair of horns on your head.
You reflexively headbutt those who attack you in melee.


Message History

You are too injured to fight recklessly!
You are too injured to fight recklessly!
You are too injured to fight recklessly!
You are too injured to fight recklessly!
You are too injured to fight recklessly!
You are too injured to fight recklessly!
You are too injured to fight recklessly!
You are too injured to fight recklessly!
You are too injured to fight recklessly!
You are too injured to fight recklessly!
You are too injured to fight recklessly!
Unknown command.
The howler monkey attacks as you move away!
The howler monkey closely misses you.
You feel very sick.
The howler monkey hoots and howls with incredible vigour!
The hornet stings you but does no damage.
You hear a bellow!
You barely miss the hornet.
You feel yourself speed up.
You feel sick. You block the hornet's attack. x2
You closely miss the hornet.
You feel sick. The hornet stings you!
* * * LOW HITPOINT WARNING * * *
You feel yourself slow down.
The howler monkey hoots and howls with incredible vigour!
You hear an angry hiss.
You feel better.
You feel yourself speed up. The hornet barely misses you.
You furiously retaliate!
You headbutt the hornet. The hornet stings you!
* * * LOW HITPOINT WARNING * * *
You are lethally poisoned!
You suddenly lose the ability to move!
* * * LOW HITPOINT WARNING * * *
You feel very sick. The hornet stings you.
* * * LOW HITPOINT WARNING * * *
You are more poisoned.
You feel yourself slow down. The hornet stings you!
You die...

#####)..#
#.#.....#
..<..)).#
#.##..###
#...)...#
####.#....#
..###<..#
##.........# ###
#...#
#..######..# #
#)..########.##.
#.#
#..........#.#.##
.#
####.........#..#
# ..##++##@yh# .
.##8. ##### .#
#8. .# .#$ .# .


You could see a hornet and a howler monkey (catching breath).

Vanquished Creatures
  A gargoyle (D:7)
  3 yaks (D:4)
  2 water moccasins (D:5)
  An orc warrior (D:5)
  2 ice beasts
  2 ogres
  2 centaurs
  2 kobold brigands
  A phantom (D:5)
  3 elf zombies (Ossuary)
  3 bullfrogs
  2 gnoll sergeants
  3 scorpions
  3 wights (D:8)
  A howler monkey (D:5)
  2 hounds
  A centaur zombie (Ossuary)
  3 orc priests
  2 jellies
  3 human zombies (Ossuary)
  3 iguanas (D:6)
  2 orc wizards (D:3)
  3 mummies
  8 gnolls
  7 adders
  2 shadow imps
  A white imp (D:7)
  2 ufetubi
  2 worms
  3 dart slugs
  16 orcs
  8 bats
  6 endoplasms
  2 giant cockroaches
  8 goblins
  7 hobgoblins
  6 jackals
  12 kobolds
  4 quokkas
  13 ball pythons
  2 frilled lizards
  3 goblin zombies (Ossuary)
  9 hobgoblin zombies (Ossuary)
  5 kobold zombies (Ossuary)
  12 orc zombies (Ossuary)
  4 rats
  A rat zombie (Ossuary)
193 creatures vanquished.

Vanquished Creatures (collateral kills)
  2 scorpions (D:5)
2 creatures vanquished.

Grand Total: 195 creatures vanquished

Notes
Turn   | Place    | Note
-------+----------+-------------------------------------------
     0 | D:1      | Djon the Minotaur Berserker began the quest for the Orb.
     0 | D:1      | Reached XP level 1. HP: 19/19 MP: 0/0
    84 | D:1      | Reached skill level 4 in Axes
   117 | D:1      | Reached XP level 2. HP: 26/26 MP: 1/1
   384 | D:1      | Reached skill level 5 in Axes
   439 | D:1      | Reached XP level 3. HP: 27/31 MP: 2/2
   945 | D:2      | Reached ** piety under Trog
   948 | D:2      | Found a white marble altar of Elyvilon.
  1334 | D:2      | Reached skill level 6 in Axes
  1334 | D:2      | Reached XP level 4. HP: 36/39 MP: 3/3
  1432 | D:2      | Found a faded altar of an unknown god.
  2287 | D:3      | Reached skill level 7 in Axes
  2287 | D:3      | Reached XP level 5. HP: 27/45 MP: 4/4
  2328 | D:3      | Reached *** piety under Trog
  2730 | D:4      | Found a snail-covered altar of Cheibriados.
  2787 | D:4      | Found Zin's Purification Station.
  2789 | D:4      | Found a glowing silver altar of Zin.
  2790 | D:4      | Noticed a yak
  2790 | D:4      | Noticed a yak
  2791 | D:4      | Noticed a yak
  2804 | D:4      | Killed a yak
  2805 | D:4      | Reached skill level 8 in Axes
  2805 | D:4      | Reached XP level 6. HP: 46/51 MP: 5/5
  2807 | D:4      | Killed a yak
  2808 | D:4      | Reached skill level 9 in Axes
  2813 | D:4      | Killed a yak
  2814 | D:4      | Reached skill level 10 in Axes
  2814 | D:4      | Reached XP level 7. HP: 38/57 MP: 6/6
  2943 | D:4      | Bought a potion of curing for 90 gold pieces
  3076 | D:4      | Found a sand-covered staircase.
  3085 | Ossuary  | Entered an ossuary
  3216 | Ossuary  | Reached **** piety under Trog
  3224 | Ossuary  | Reached skill level 11 in Axes
  3359 | Ossuary  | Reached XP level 8. HP: 60/64 MP: 7/7
  3496 | D:4      | Found an ornate altar of the Wu Jian Council.
  3639 | D:4      | Found a sparkling altar of Nemelex Xobeh.
  3827 | D:5      | Entered Level 5 of the Dungeon
  3836 | D:5      | Reached skill level 12 in Axes
  4147 | D:5      | Found a shimmering altar of Xom.
  4149 | D:5      | Found a blossoming altar of Fedhas.
  4149 | D:5      | Found a shimmering altar of Xom.
  4151 | D:5      | Found a burning altar of Makhleb.
  4151 | D:5      | Found a basalt altar of Yredelemnul.
  4151 | D:5      | Found a hazy altar of Hepliaklqana.
  4337 | D:5      | Reached skill level 13 in Axes
  4387 | D:5      | Reached skill level 14 in Axes
  4696 | D:5      | Reached XP level 9. HP: 56/70 MP: 8/8
  4748 | D:5      | Found an opulent altar of Gozag.
  5087 | D:6      | Found a staircase to the Ecumenical Temple.
  5404 | D:6      | Reached skill level 15 in Axes
  6023 | D:7      | Found a shimmering blue altar of Sif Muna.
  6160 | D:7      | Noticed a gargoyle
  6175 | D:7      | Killed a gargoyle
  6176 | D:7      | Reached skill level 16 in Axes
  6451 | D:8      | Found a large runed translucent door.
  6516 | D:8      | Found a white marble altar of Elyvilon.
  6616 | D:8      | Found a large runed translucent door.
  6631 | D:8      | Paralysed by a hornet for 3 turns
  6632 | D:8      | Slain by a hornet

Illustrated notes

Levels and vault maps discovered:
D:1:      saegor_arrival_simple_d, layout_basic
D:2:      layout_rooms, shapermc_ecumenical_altar_mp_urbaneastern, basic_altar
D:3:      layout_loops_corners
D:4:      layout_loops_ring, cheibriados_altar_1, nemelex_spade_bored_becter,
          pdpol_wu_jian_five_deadly_venoms, zin_purify,
          gup_ossuary_entry_pyramid
D:5:      layout_cave_pools, grunt_gozag_statues, doesnt_xom_only_xom,
          chequers_garden
D:6:      layout_basic, minmay_temple_entry_wispy, grunt_ministairs_11
D:7:      layout_rooms, nicolae_overflow_crystal_walls,
          hangedman_decor_clover_reticule
D:8:      layout_rooms, elyvilon_altar_5, okawaru_metal_pillars_1_2,
          dk_noncrumbling_3, minmay_hollow_rounded_squares

Skill      XL: |  1  2  3  4  5  6  7  8  9 |
---------------+----------------------------+-----
Axes           | 4 5 6 7 8 10 11 14 16 | 16.0
Fighting       | 4 |  4.8
Armour         | 3 |  3.9
Dodging        | 3 |  3.5

Action                     |  1- 3 |  4- 6 |  7- 9 || total
---------------------------+-------+-------+-------++-------
  Melee: Hand axe          |    75 |    81 |   365 ||   521
         Headbutt          |     6 |    18 |    73 ||    97
 Invoke: Berserk           |       |     2 |     5 ||     7
         Brothers in Arms  |       |       |     1 ||     1
    Use: Scroll            |       |     5 |    10 ||    15
         Potion            |       |       |     2 ||     2
 Armour: Animal skin       |     3 |       |       ||     3
         Scale mail        |    23 |    27 |    52 ||   102
         Ring mail         |     2 |       |    25 ||    27
  Dodge: Dodged            |    64 |    25 |    92 ||   181
  Block: Kite shield       |    20 |    29 |   127 ||   176
